 Dungeon Sprint DCSS version 0.20-a0-1121-gbb42413 (webtiles) character file.

155 potatolord6000 the Skirmisher (level 5, 0/46 HPs)
             Began as a Mummy Fighter on May 10, 2017.
             Was an Initiate of Gozag.
             Slain by a gnoll
             ... wielding a +0 spear
              (1 damage)
             ... in the Dungeon (Sprint VII: "The Pits").
             The game lasted 00:01:20 (168 turns).

potatolord6000 the Skirmisher (Mummy Fighter)        Turns: 168, Time: 00:01:20

Health: 0/46       AC:  7    Str: 20    XL:     5   Next: 14%
Magic:  5/5        EV:  7    Int:  7    God:    Gozag
Gold:   162        SH: 10    Dex: 12    Spells: 4/4 levels left

rFire    x . .     SeeInvis .   a - +0 war axe
rCold    + . .     Gourm    .   c - +0 shield
rNeg     + + +     Faith    .   b - +0 scale mail
rPois    ∞         Spirit   .   (no helmet)
rElec    .         Reflect  .   (no cloak)
rCorr    .         Harm     .   (no gloves)
MR       .....     NoTele   +   (no boots)
Stlth    ..........             (no amulet)
Regen    0.2/turn               (no ring)
MPRegen  0.1/turn               (no ring)

@: no status effects
A: no food or potions, fire vulnerability, cold resistance 1, negative energy
resistance 3, torment resistance, unbreathing
a: Potion Petition, Call Merchant, Bribe Branch, Renounce Religion


You were in the Dungeon.
You worshipped Gozag.
Gozag was aware of your devotion.
You were not hungry.

You visited 1 branch You collected 162 gold pieces.

Inventory:

Hand Weapons
 a - a +0 war axe (weapon)
Armour
 b - a +0 scale mail (worn)
 c - a +0 shield (worn)
Scrolls
 d - a scroll of blinking
 e - 3 scrolls of remove curse
 f - 5 scrolls of amnesia
 g - a scroll of summoning


   Skills:
 + Level 6.0 Fighting
 + Level 4.5 Axes
 + Level 4.9 Armour
 + Level 4.9 Shields


You had 4 spell levels left.
You didn't know any spells.

Dungeon Overview and Level Annotations

Branches:
Dungeon (1/1)

Altars:
Ashenzari
Cheibriados
Dithmenos
Elyvilon
Fedhas
Gozag
Hepliaklqana
Kikubaaqudgha
Makhleb
Nemelex Xobeh
Okawaru
Qazlal
Ru
Sif Muna
Trog
Uskayaw
Vehumet
Wu Jian
Xom
Yredelemnul
Zin
The Shining One
Beogh
Jiyva
Lugonu


Innate Abilities, Weirdness & Mutations

You do not eat or drink.
Your flesh is vulnerable to fire.
You are immune to poison.
Your flesh is cold resistant. (rC+)
You are immune to negative energy. (rN+++)
You are immune to unholy pain and torment.
You can survive without breathing.


Message History

The gnoll barely misses you.
You barely miss the white imp.
The white imp is severely wounded.
The white imp hits you but does no damage.
The gnoll hits you from afar with a spear.
* * * LOW HITPOINT WARNING * * *
The white imp shouts, "Get thee gone, thou simpering grave-robbed baggage!"
The white imp gestures at you. The puff of frost hits you! You resist.
* * * LOW HITPOINT WARNING * * *
You block the gnoll's attack. The white imp gestures at you.
You block the puff of frost. The gnoll hits you with a spear.
* * * LOW HITPOINT WARNING * * *
You see here 36 gold pieces.
You hit the gnoll but do no damage.
The white imp grinds its teeth.
The gnoll hits you with a spear.
You die...
Your body crumbles into a pile of gold.

#%?(!')))'.##......#..
##########.##.........
#...........'.........
#+#####'#####......#..
#...#.# #.........
#...#.# ####'#####
#...'(# #.......#
##'#### #.......#
#.5@g.# #.......#
#.....# #...<...#
#........ #.......#
#........##.......#
###########.......#
#########


You could see a gnoll and a white imp.

Vanquished Creatures
  A floating eye (D)
  A worker ant (D)
  A river rat (D)
  2 adders (D)
  A kobold (D)
  A rat (D)
7 creatures vanquished.

Notes
Turn   | Place    | Note
-------+----------+-------------------------------------------
     0 | D        | potatolord6000 the Mummy Fighter began the quest for the Orb.
     0 | D        | Reached XP level 1. HP: 18/18 MP: 1/1
    15 | D        | Noticed a floating eye
    19 | D        | Paralysed by a floating eye for 3 turns
    23 | D        | Killed a floating eye
    23 | D        | Reached skill level 5 in Fighting
    23 | D        | Reached XP level 2. HP: 27/27 MP: 2/2
    23 | D        | Reached XP level 3. HP: 33/33 MP: 3/3
    23 | D        | Reached XP level 4. HP: 39/39 MP: 4/4
    28 | D        | Found a bloodstained altar of Trog.
    28 | D        | Found a deep blue altar of Sif Muna.
    28 | D        | Found a viscous altar of Jiyva.
    28 | D        | Found a hazy altar of Hepliaklqana.
    28 | D        | Found an opulent altar of Gozag.
    54 | D        | Found a glowing golden altar of the Shining One.
    54 | D        | Found a glowing silver altar of Zin.
    54 | D        | Found a basalt altar of Yredelemnul.
    54 | D        | Found a shimmering altar of Xom.
    54 | D        | Found an ornate altar of the Wu Jian Council.
    54 | D        | Found a sacrificial altar of Ru.
    54 | D        | Found a stormy altar of Qazlal.
    54 | D        | Found an iron altar of Okawaru.
    54 | D        | Found a sparkling altar of Nemelex Xobeh.
    54 | D        | Found a burning altar of Makhleb.
    54 | D        | Found a blossoming altar of Fedhas.
    54 | D        | Found a white marble altar of Elyvilon.
    54 | D        | Found a shadowy altar of Dithmenos.
    54 | D        | Found a snail-covered altar of Cheibriados.
    57 | D        | Found a corrupted altar of Lugonu.
    57 | D        | Found a radiant altar of Vehumet.
    57 | D        | Found a roughly hewn altar of Beogh.
    58 | D        | Found an ancient bone altar of Kikubaaqudgha.
    58 | D        | Found a hide-covered altar of Uskayaw.
    58 | D        | Found a shattered altar of Ashenzari.
    61 | D        | Became a worshipper of Gozag Ym Sagoz the Greedy
   161 | D        | Reached skill level 6 in Fighting
   161 | D        | Reached XP level 5. HP: 17/46 MP: 5/5
   167 | D        | HP: 1/46 [gnoll/spear (4)]
   168 | D        | Slain by a gnoll

Vault maps used:
D:        pitsprint

Skill      XL: |  1  2  3  4 |
---------------+-------------+-----
Fighting       | 5 6 |  6.0
Axes           | 4 |  4.5
Armour         | 4 |  4.9
Shields        | 4 |  4.9

Action                   |  1- 3 |  4- 6 || total
-------------------------+-------+-------++-------
Melee: War axe           |     5 |    35 ||    40
Armor: Scale mail        |       |    22 ||    22
Dodge: Dodged            |       |    14 ||    14
Block: Shield            |       |    32 ||    32
